Map: Mécanisation EC

Players

zidar

  • Race: Zerg Zerg
  • Spawn Location: 3:00

saw - Winner!

  • Race: Protoss Protoss
  • League: Gold
  • Spawn Location: 9:00

VOD

Have the link to the VOD?

Description

Time

  • Played on: Dec. 24, 2018, 9:59 a.m.
  • Length: 13:54
Show
View Real Time Build Order
Export as new Build Order

zidar Zerg 

Build Orders: Pool First 

Get SALT Encoding   

  12  0:02  Drone  
  13  0:12  Overlord  
  13  0:18  Drone  
  14  0:32  Drone  
  14  0:33  Drone  
  16  0:35  Drone  
  17  0:47  Spawning Pool  
  16  0:50  Drone  
  17  1:20  Hatchery  
  17  1:23  Drone  
  17  1:24  Drone  
  18  1:27  Extractor  
  17  1:40  Evolution Chamber  
  16  2:25  Drone  
  16  2:28  Queen  
  19  2:31  Queen  
  19  2:36  Drone  
  24  2:37  Drone x2  
  24  2:46  Drone x2  
  24  2:49  Overlord  
  26  2:51  Metabolic Boost  
  26  3:09  Queen  
  27  3:20  Drone x6  
  33  3:35  Hatchery  
  32  3:49  Zerg Ground Armor Level 1  
  32  3:56  Extractor  
  31  4:05  Drone x2  
  31  4:06  Baneling Nest  
  32  4:11  Drone x2  
  32  4:12  Drone  
  35  4:27  Overlord  
  35  4:28  Overlord x2  
  35  4:34  Lair  
  35  4:39  Drone  
  35  4:42  Overlord x3  
  36  4:54  Queen  
  38  5:09  Zergling x2  
  38  5:10  Zergling x16  
  47  5:20  Drone x4  
  51  5:28  Extractor  
  50  5:30  Baneling x7  
  50  5:31  Extractor  
  50  5:34  Zergling x6  
  52  5:40  Centrifical Hooks  
  49  6:06  Spore Crawler  
  49  6:11  Spore Crawler  
  43  6:34  Zerg Missile Weapons Level 1  
  43  6:35  Hydralisk Den  
  42  6:44  Drone x3  
  45  6:48  Drone x5  
  45  6:49  Drone x4  
  54  6:58  Drone  
  55  7:02  Drone  
  55  7:03  Drone x3  
  55  7:05  Drone  
  55  7:06  Drone  
  61  7:19  Muscular Augments  
  61  7:22  Hydralisk x3  
  67  7:52  Overlord x3  
  67  7:54  Drone  
  67  7:55  Drone x6  
  74  8:18  Hydralisk x5  
  84  8:31  Grooved Spines  
  83  8:59  Hydralisk  
  83  9:00  Hydralisk x11  
  107  9:06  Zergling x12  
  113  9:11  Zerg Missile Weapons Level 2  
  98  9:34  Hatchery  
  81  9:41  Hydralisk  
  81  9:42  Hydralisk x5  
  81  9:43  Hydralisk  
  69  9:57  Hydralisk x4  
  75  10:03  Hydralisk x2  
  79  10:19  Roach Warren  
  78  10:21  Zergling x2  
  78  10:22  Zergling x14  
  78  10:26  Hydralisk  
  88  10:50  Zergling x26  
  78  11:33  Roach x8  
  78  11:34  Roach x5  
  78  11:38  Hydralisk x5  
  114  12:05  Overlord x2  
  114  12:10  Hatchery  
  113  12:28  Hydralisk  
  113  12:29  Hydralisk x6  
  127  12:43  Overlord x4  
  101  12:59  Hydralisk x4  
  83  13:12  Hydralisk x3  
  61  13:19  Zergling x10  
Show
View Real Time Build Order
Export as new Build Order

saw Protoss - Winner!

Build Orders: Chargelot Immortal 

Get SALT Encoding   

  12  0:01  Probe  
  13  0:14  Probe  
  14  0:20  Pylon  
  14  0:26  Probe  
  15  0:38  Probe  
  16  0:46  Gateway  
  16  0:50  Probe  
  17  1:11  Probe  
  18  1:22  Probe  
  18  1:23  Assimilator  
  19  1:27  Assimilator  
  19  1:30  Probe  
  19  1:36  Gateway  
  20  1:46  Cybernetics Core  
  20  1:59  Pylon  
  20  2:03  Probe  
  21  2:15  Probe  
  22  2:18  Nexus  
  22  2:24  Zealot  
  22  2:27  Adept  
  26  2:36  Probe  
  27  2:48  Probe  
  28  2:52  Pylon  
  28  3:03  Warp Gate  
  28  3:17  Pylon  
  28  3:19  Probe  
  29  3:30  Probe  
  29  3:33  Adept x2  
  29  3:34  Probe  
  34  3:38  Probe  
  35  3:42  Probe  
  35  3:46  Probe  
  37  3:51  Probe  
  39  3:57  Stargate  
  39  4:00  Probe  
  40  4:06  Probe  
  41  4:13  Probe  
  42  4:18  Probe  
  42  4:20  Robotics Facility  
  43  4:25  Probe  
  43  4:30  Probe  
  43  4:31  Oracle, Assimilator  
  45  4:36  Assimilator  
  45  4:37  Probe, Pylon  
  46  4:41  Pylon  
  46  4:43  Probe  
  50  4:49  Probe  
  51  4:55  Probe  
  51  4:59  Shield Battery  
  52  5:04  Probe  
  53  5:09  Immortal  
  57  5:25  Probe x2  
  59  5:30  Pylon  
  59  5:38  Twilight Council  
  56  6:21  Stalker  
  56  6:22  Immortal  
  56  6:23  Zealot  
  64  6:26  Charge  
  65  6:54  Probe x2  
  70  7:01  Immortal  
  70  7:06  Zealot x2  
  74  7:11  Gateway  
  74  7:13  Gateway  
  74  7:14  Gateway  
  74  7:24  Gateway  
  74  7:27  Nexus  
  74  7:30  Pylon  
  74  7:33  Pylon  
  74  7:39  Probe x2  
  74  7:40  Immortal  
  80  8:06  Forge  
  80  8:07  Forge  
  80  8:10  Pylon  
  80  8:12  Pylon  
  80  8:16  Pylon  
  80  8:17  Probe x2  
  80  8:19  Zealot x2, Pylon  
  90  8:20  Immortal, Zealot x4  
  90  8:23  Pylon  
  98  8:29  Pylon  
  98  8:30  Probe x2  
  100  8:41  Zealot x4  
  102  8:42  Zealot  
  108  8:56  Protoss Ground Weapons Level 1, Protoss Ground Armor Level 1  
  108  9:15  Zealot x4  
  108  9:16  Zealot x2  
  78  9:49  Immortal  
  80  10:00  Zealot x2  
  80  10:01  Zealot x4  
  92  10:21  Probe x3  
  94  10:26  Robotics Facility  
  94  10:27  Robotics Facility  
  95  10:29  Immortal  
  95  10:32  Protoss Ground Weapons Level 2, Protoss Ground Armor Level 2  
  95  10:35  Assimilator  
  99  10:38  Assimilator  
  99  10:52  Zealot x4  
  99  10:53  Zealot x2  
  111  11:04  Templar Archives  
  111  11:08  Immortal  
  95  11:30  Zealot x4  
  95  11:31  Zealot x2  
  95  11:32  Immortal  
  115  11:33  Immortal  
  115  11:43  Probe x3  
  118  11:47  Observer  
  119  11:58  Psionic Storm  
  119  12:00  Zealot x4  
  119  12:01  Zealot x2  
  131  12:08  Immortal  
  131  12:12  Immortal x2  
  143  12:23  Probe  
  143  12:24  Probe x2  
  146  12:30  Nexus  
  146  12:37  Pylon  
  146  12:39  Pylon  
  146  12:48  Immortal  
  146  12:51  Immortal x2  
  106  13:19  Zealot x2  
  110  13:20  Zealot x4  
  130  13:51  Zealot x3  
  130  13:52  Zealot x3  
Tags
 
League
Gold
Matchup
PvZ
Opening
Pool First
Spawn Locations
Cross Positions
Add a new tag
Caveats
  • Supply blocks, unpowered buildings, or Contaminate may cause inaccurate times.
  • Supply counts are checked every 10 seconds.